 Dungeon Crawl Stone Soup version 0.27.1 (webtiles) character file.

Game seed: 12031266247384075493

180 Kangaroobicon the Grasshopper (level 5, -2/43 HPs)
             Began as a Gnoll Warper on Aug 22, 2021.
             Was a Follower of Qazlal.
             Slain by an iguana (6 damage)
             ... on level 5 of the Dungeon.
             The game lasted 00:32:17 (1685 turns).

Kangaroobicon the Grasshopper (Gnoll Warper)        Turns: 1685, Time: 00:32:18

Health: -2/43      AC:  6    Str: 16    XL:     5   Next: 60%
Magic:  12/12      EV: 12    Int: 14    God:    Qazlal [*.....]
Gold:   145        SH:  1    Dex: 11    Spells: 14/14 levels left

rFire    . . .     SeeInvis .   a - +0 mace
rCold    . . .     Faith    .   (no shield)
rNeg     . . .     Spirit   .   i - +0 ring mail
rPois    .         Reflect  .   (no helmet)
rElec    .         Harm     .   (no cloak)
rCorr    .         Rampage  .   (no gloves)
Will     .....                  A - +0 pair of boots
Stlth    +.........             (no amulet)
HPRegen  0.14/turn              m - +6 ring of strength
MPRegen  0.13/turn              (no ring)

@: no status effects
A: fangs 1, strong nose, distributed training
a: Renounce Religion


You were on level 5 of the Dungeon.
You worshipped Qazlal.
Qazlal was aware of your devotion.
You visited 1 branch of the dungeon, and saw 4 of its levels.

You collected 145 gold pieces.

Inventory:

Hand Weapons
 a - a +0 mace (weapon)
 c - a +0 club
 e - a +0 whip
 h - a +0 club
 j - a +0 short sword
 o - a +0 dagger
 p - a +0 club
 r - a +0 mace
 s - a +0 dagger
 w - a +0 whip
 B - a +0 hand axe
 E - a +0 whip
 G - a +0 hand axe
 I - a +0 flail
Missiles
 d - a boomerang of dispersal
 g - 31 poisoned darts (quivered)
 l - 146 stones
 t - 53 sling bullets
 x - 32 bolts
 y - 9 boomerangs
Armour
 b - a +0 leather armour
 i - a +0 ring mail (worn)
 n - a +0 chain mail
 A - a +0 pair of boots (worn)
 D - a +0 ring mail
 F - a +0 scale mail
 J - a +0 ring mail
Jewellery
 m - a +6 ring of strength (left hand)
Scrolls
 f - a scroll of identify {unknown}
 k - a scroll of noise {unknown}
 q - 2 scrolls of teleportation {unknown}
 v - a scroll of fear {unknown}
Potions
 u - 4 potions of brilliance {unknown}
 z - 2 potions of heal wounds {unknown}
 C - a potion of curing {unknown}
 H - a potion of degeneration {unknown}


   Skills:
 + Level 4.8 Fighting
 + Level 1.5 Short Blades
 + Level 1.5 Long Blades
 + Level 1.5 Axes
 + Level 4.8 Maces & Flails
 + Level 1.5 Polearms
 + Level 1.5 Staves
 + Level 1.5 Slings
 + Level 1.5 Bows
 + Level 1.5 Crossbows
 + Level 3.0 Throwing
 + Level 3.0 Armour
 + Level 4.8 Dodging
 + Level 1.5 Stealth
 + Level 1.5 Shields
 + Level 1.5 Unarmed Combat
 + Level 5.2 Spellcasting
 + Level 1.2 Conjurations
 + Level 1.2 Hexes
 + Level 1.2 Summonings
 + Level 1.2 Necromancy
 + Level 5.5 Translocations
 + Level 1.2 Transmutations
 + Level 1.2 Fire Magic
 + Level 1.2 Ice Magic
 + Level 1.2 Air Magic
 + Level 1.2 Earth Magic
 + Level 1.2 Poison Magic
 + Level 1.7 Invocations
 + Level 1.5 Evocations


You had 14 spell levels left.
You didn't know any spells.
Your spell library contained the following spells:

 Spells                   Type           Power      Damage    Failure   Level
 Blink                    Tloc           N/A        N/A       4%          2
 Gell's Gravitas          Tloc           9%         N/A       10%         3
 Lesser Beckoning         Tloc           9%         N/A       10%         3
 Teleport Other           Tloc           19%        N/A       10%         3
 Manifold Assault         Tloc           19%        N/A       65%         5


Dungeon Overview and Level Annotations

Branches:
Dungeon (3/15)

Altars:
Fedhas
Qazlal
Xom


Innate Abilities, Weirdness & Mutations

You have very sharp teeth.
Your uncanny sense of smell can sniff out nearby items.
Your experience applies equally to all skills.


Message History

You kill the iguana!
Qazlal accepts your kill.
g - 30 poisoned darts (gained 1)
g - 31 poisoned darts (gained 1)
Things that are here:
a +0 mace; an orc corpse
Found a lumpy blue potion.
H - a lumpy blue potion
Found a ring mail.
You see here a +0 ring mail.
You see here a +0 ring mail.
J - a +0 ring mail HP restored.
An iguana comes into view.
The iguana hisses angrily.
The iguana bites you!
You completely miss the iguana. Your bite misses the iguana.
The iguana bites you!
You barely miss the iguana. You bite the iguana, but do no damage.
The iguana bites you.
You sock the iguana!
The iguana is heavily wounded.
The iguana misses you.
You hit the iguana.
The iguana is almost dead.
The iguana closely misses you.
You closely miss the iguana.
The iguana is almost dead.
The iguana barely misses you. The iguana closely misses you.
You hit the iguana.
The iguana is almost dead.
The iguana bites you!
You completely miss the iguana.
The iguana is almost dead.
The iguana bites you!
* * * LOW HITPOINT WARNING * * *
You hit the iguana but do no damage.
The iguana is almost dead.
The iguana bites you.
You die...

....... ...
#...... #.#
#...... #.#
###...... #.#
........ #.#
#...... #.#
####...... #l#
.......... #@#
##......
#.#############.##
#...............#
#################


You could see an iguana.

Vanquished Creatures
  Natasha (thrice) (D:3)
  An iguana (D:5)
  An adder (D:3)
  An ufetubus (D:5)
  A worm (D:3)
  2 dart slugs
  8 orcs
  A ball python (D:3)
  3 endoplasms
  5 goblins (D:1)
  4 hobgoblins
  3 jackals (D:1)
  A quokka (D:1)
  7 bats
  2 frilled lizards (D:1)
  4 kobolds
  7 rats
54 creatures vanquished.

Notes
Turn   | Place    | Note
-------+----------+-------------------------------------------
     0 | D:1      | Kangaroobicon the Gnoll Warper began the quest for the Orb.
     0 | D:1      | Reached XP level 1. HP: 20/20 MP: 6/6
   119 | D:1      | Reached XP level 2. HP: 8/26 MP: 7/7
   717 | D:2      | Reached XP level 3. HP: 31/31 MP: 9/9
   800 | D:2      | Reached skill level 5 in Spellcasting
   829 | D:2      | You fall into a shaft and drop 1 floor!
   912 | D:3      | Noticed Natasha
   914 | D:3      | Found a stormy altar of Qazlal.
   919 | D:3      | Killed Natasha
   920 | D:3      | Reached skill level 1 in Short Blades
   920 | D:3      | Reached skill level 1 in Long Blades
   920 | D:3      | Reached skill level 1 in Axes
   920 | D:3      | Reached skill level 1 in Polearms
   920 | D:3      | Reached skill level 1 in Staves
   920 | D:3      | Reached skill level 1 in Slings
   920 | D:3      | Reached skill level 1 in Bows
   920 | D:3      | Reached skill level 1 in Crossbows
   920 | D:3      | Reached skill level 1 in Stealth
   920 | D:3      | Reached skill level 1 in Shields
   920 | D:3      | Reached skill level 1 in Unarmed Combat
   920 | D:3      | Reached skill level 1 in Invocations
   920 | D:3      | Reached skill level 1 in Evocations
   924 | D:3      | Reached XP level 4. HP: 33/38 MP: 11/11
   938 | D:3      | Became a worshipper of Qazlal Stormbringer
  1049 | D:3      | Found a shimmering altar of Xom.
  1163 | D:3      | Found a blossoming altar of Fedhas.
  1250 | D:3      | Noticed Natasha
  1258 | D:3      | Killed Natasha
  1259 | D:3      | Reached skill level 1 in Conjurations
  1259 | D:3      | Reached skill level 1 in Hexes
  1259 | D:3      | Reached skill level 1 in Summonings
  1259 | D:3      | Reached skill level 1 in Necromancy
  1259 | D:3      | Reached skill level 1 in Transmutations
  1259 | D:3      | Reached skill level 1 in Fire Magic
  1259 | D:3      | Reached skill level 1 in Ice Magic
  1259 | D:3      | Reached skill level 1 in Air Magic
  1259 | D:3      | Reached skill level 1 in Earth Magic
  1259 | D:3      | Reached skill level 1 in Poison Magic
  1297 | D:3      | Noticed Natasha
  1315 | D:3      | Killed Natasha
  1316 | D:3      | Reached XP level 5. HP: 29/43 MP: 12/12
  1464 | D:3      | You fall into a shaft and drop 2 floors!
  1464 | D:5      | Entered Level 5 of the Dungeon
  1481 | D:5      | Reached * piety under Qazlal
  1685 | D:5      | Slain by an iguana

Illustrated notes

Levels and vault maps discovered:
D:1:      shiori_arrival_oz, layout_basic, minmay_stone_trees_medium
D:2:      layout_basic, hangedman_decor_clover_reticule, dk_vineyard_2
D:3:      corexii_shack_village, layout_rooms, grunt_qazlal_sundering,
          mainiacjoe_overflow_swirl, fedhas_ov_isle_minmay,
          amcnicky_mini_pool_small, uniq_natasha
D:5:      layout_basic, roderic_batcave

Skill      XL: |  1  2  3  4  5 |
---------------+----------------+-----
Spellcasting   | 5 |  5.2
Short Blades   | 1 |  1.5
Long Blades    | 1 |  1.5
Axes           | 1 |  1.5
Polearms       | 1 |  1.5
Staves         | 1 |  1.5
Slings         | 1 |  1.5
Bows           | 1 |  1.5
Crossbows      | 1 |  1.5
Stealth        | 1 |  1.5
Shields        | 1 |  1.5
Unarmed Combat | 1 |  1.5
Invocations    | 1 |  1.7
Evocations     | 1 |  1.5
Conjurations   | 1 |  1.2
Hexes          | 1 |  1.2
Summonings     | 1 |  1.2
Necromancy     | 1 |  1.2
Transmutations | 1 |  1.2
Fire Magic     | 1 |  1.2
Ice Magic      | 1 |  1.2
Air Magic      | 1 |  1.2
Earth Magic    | 1 |  1.2
Poison Magic   | 1 |  1.2
Throwing       | 3 |  3.0
Armour         | 3 |  3.0
Fighting       | |  4.8
Maces & Flails | |  4.8
Dodging        | |  4.8
Translocations | |  5.5

Action                   |  1- 3 |  4- 6 || total
-------------------------+-------+-------++-------
Melee: Mace              |    84 |   127 ||   211
       Bite              |     8 |    10 ||    18
Throw: Boomerang         |     4 |       ||     4
       Dart              |    20 |    12 ||    32
  Use: Scroll            |     1 |     1 ||     2
Armor: Leather armour    |    13 |       ||    13
       Ring mail         |    31 |    36 ||    67
Dodge: Dodged            |    71 |    90 ||   161
Block: Other             |       |     1 ||     1
